Match 47413037
Unlisted

Match 47413037
End
Construct Section Command Post
Infantry Section
Dingo Light Scout Car
Infantry Section
Selects Canadian Shock Battlegroup
Selects Attacking Spirit
Selects Canadian Shock Section
Canadian Shock Section
Construct Field Infirmary
Grenade Package
Construct Platoon Command Post
Selects Incendiary Munitions
Canadian Shock Section
Selects Pyrotechnics
Construct Company Command Post
Crusader II Medium Tank
Canadian Shock Section
Crusader II Medium Tank
Selects Churchill Crocodile Heavy Tank
Canadian Shock Section
Churchill Crocodile Heavy Tank
Unlock Towed 17-pounder Anti-tank Guns
Matilda II Heavy Tank
Selects Smoke Operation
17-pounder Anti-tank Gun Team
Crusader II Medium Tank
Smoke Operation
John Meier
Elvis Aaron Presley
Sherlockgam3r
tonyma845
campa
装甲教导团
lengfeng988
北风
0
0

Comments sign in to comment!

No comments posted yet!